 Dungeon Crawl Stone Soup version 0.32-a0-768-g0f6f1dd4b9 (webtiles) character file.

Game seed: 16131035333154693520

17 Dirtsage the Slasher (level 2, 0/24 HPs)
             Began as a Demonspawn Monk on Mar 18, 2024.
             Slain by a gnoll
             ... wielding a +1 whip of pain
              (8 damage)
             ... on level 2 of the Dungeon.
             The game lasted 00:01:05 (911 turns).

Dirtsage the Slasher (Demonspawn Monk)               Turns: 911, Time: 00:01:05

Health: 0/24       AC:  5    Str: 11    XL:     2   Next: 44%
Magic:  2/2        EV: 10    Int: 10    God:
Gold:   32         SH:  0    Dex: 15    Spells: 1/1 levels left

rFire   . . .        a - +0 falchion
rCold   . . .        d - orb {light}
rNeg    . . .        o - +0 ring mail
rPois   .            (no helmet)
rElec   .            (no cloak)
rCorr   .            (no gloves)
SInv    .            (no boots)
Will    .....        (no amulet)
Stlth   +            (no ring)
HPRegen 0.24/turn    (no ring)
MPRegen 0.08/turn

%: no passive effects
@: glowing
A: spiny 1
a: no special abilities


You were on level 2 of the Dungeon.
You visited 1 branch of the dungeon, and saw 2 of its levels.

You collected 32 gold pieces.

Inventory:

Hand Weapons
 a - a +0 falchion (weapon)
 n - a +0 rapier
Armour
 b - a +0 robe
 d - an orb of light (worn)
 o - a +0 ring mail (worn)
Scrolls
 k - a scroll of fog {unknown}
 l - a scroll of revelation {unknown}
 p - a scroll of fear {unknown}
Potions
 c - a potion of ambrosia
 e - a potion of invisibility {unknown}
 f - a potion of brilliance {unknown}
 g - a potion of degeneration {unknown}
 h - a potion of magic {unknown}
 i - a potion of curing {unknown}
 j - a potion of heal wounds {unknown}
 m - a potion of attraction {unknown}


   Skills:
 - Level 3.0 Fighting
 + Level 3.5 Long Blades
 - Level 2.6 Dodging


You had one spell level left.
You didn't know any spells.
Your spell library was empty.

Dungeon Overview and Level Annotations

Branches:
Dungeon (2/15)

Altars:


Innate Abilities, Weirdness & Mutations

You are partially covered in sharp spines.


Message History

You continue putting on your +0 ring mail. x5
You finish putting on your +0 ring mail.
You see here a +0 dagger.
There is a stone staircase leading down here.
You climb downwards.
There is a stone staircase leading up here.
p - a scroll labelled ESMUMI SEYCZA A gnoll comes into view.
It is wielding a +0 whip.
The gnoll shouts!
A gnoll comes into view. It is wielding a +1 whip of pain.
The gnoll moves out of view.
A gnoll is nearby!
No reachable target in view!
A gnoll comes into view. It is wielding a +4 halberd.
The gnoll shouts! x2; You hear a shout!
A gnoll comes into view. It is wielding a +0 flail.
The gnoll enters a dispersal trap!
The gnoll blinks!
You blink.
The gnoll is struck by your spines. The gnoll closely misses you.
You hear an angry hiss.
Unknown command.
The gnoll hits you from afar with a +4 halberd!
The gnoll attacks as it pursues you! The gnoll barely misses you.
You take 11 damage, and have 13/24 hp.
MASSIVE DAMAGE!!
The gnoll enters a dispersal trap!
The gnoll blinks! x3; You blink.
The gnoll blinks!
A frilled lizard comes into view.
The gnoll enters a dispersal trap!
The gnoll blinks! x2; You blink.
The gnoll hits you from afar with a +4 halberd.
You take 2 damage, and have 12/24 hp.
The frilled lizard attacks as it pursues you!
The frilled lizard is struck by your spines.
You kill the frilled lizard!
Unknown command.
The gnoll attacks as it pursues you!
The gnoll hits you with a +1 whip of pain.
You writhe in agony.
You take 4 damage, and have 8/24 hp.
The gnoll attacks as it pursues you! The gnoll is struck by your spines.
The gnoll hits you with a +1 whip of pain!
You die...

##############
#............#
#.##########.#######
#.#.###@....<......#
#..#..g.####.#####.#
#g#g##### #.#
##.#.## #.# #g..g.#
#.# #.###.# #.# #.
.# #.# #. .# #.. #.
.#


You could see 2 gnolls.

Vanquished Creatures
  A dart slug (D:1)
  A giant cockroach (D:1)
  3 goblins (D:1)
  2 quokkas (D:1)
  2 bats (D:1)
  3 frilled lizards
  A kobold (D:1)
  2 rats (D:1)
15 creatures vanquished.

Notes
Turn   | Place    | Note
-------+----------+-------------------------------------------
     0 | D:1      | Dirtsage the Demonspawn Monk began the quest for the Orb.
     0 | D:1      | Reached XP level 1. HP: 18/18 MP: 1/1
   266 | D:1      | Gained mutation: You are partially covered in sharp spines.
                  | [demonic ancestry]
   266 | D:1      | Reached XP level 2. HP: 19/24 MP: 2/2
   911 | D:2      | Slain by a gnoll

Illustrated notes

Levels and vault maps discovered:
D:1:      psy_arrival_heroes, layout_loops_ring
D:2:      layout_loops_ring

Skill      XL: |  1 |
---------------+----+-----
Long Blades    | 3 |  3.5
Fighting       | |  3.0
Dodging        | |  2.6

Action                     || total
---------------------------++-------
  Melee: Falchion          ||    32
 Armour: Robe              ||    18
         Ring mail         ||     4
  Dodge: Dodged            ||    19

Table legend: (Time is in decaauts)
 A = Elapsed time spent in this place.
 B = Non-inter-level travel time spent in this place.
 C = Inter-level travel time spent in this place.
 D = Time resting spent in this place.
 E = Time spent auto-exploring this place.
 F = Levels seen in this place.
 G = Mean time per level.
                   A        B        C        D        E       F      G
               +--------+--------+--------+--------+--------+-----+--------+
         Total |    915 |    767 |    148 |      0 |    662 |   2 |  457.5 |
       Dungeon |    915 |    767 |    148 |      0 |    662 |   2 |  457.5 |
               +--------+--------+--------+--------+--------+-----+--------+

Top non-repeatable levels by time:
     D:1: 871 daAuts
     D:2: 44 daAuts
